 Dungeon Crawl Stone Soup version 0.27-a0-277-g024f7ef292 (webtiles) character file.

Game seed: 14228293474266318590

11022 siradein the Carver (level 11, -4/123 HPs)
             Began as a Vampire Fighter on Feb 6, 2021.
             Was a High Priest of Okawaru.
             Slain by a seven-headed hydra (7 damage)
             ... on level 1 of the Lair of Beasts.
             The game lasted 01:22:36 (11630 turns).

siradein the Carver (Vampire Fighter)              Turns: 11630, Time: 01:22:36

Health: -4/123     AC: 25    Str: 17    XL:     11   Next: 43%
Magic:  9/11       EV:  2    Int: 11    God:    Okawaru [*****.]
Gold:   759        SH:  8    Dex: 21    Spells: 10/10 levels left

rFire    . . .     SeeInvis +   r - +2 falchion
rCold    + . .     Faith    +   h - +0 buckler
rNeg     + + +     Spirit   .   (armour currently unavailable)
rPois    +         Reflect  .   (helmet currently unavailable)
rElec    .         Harm     .   (cloak currently unavailable)
rCorr    .         Rampage  .   (gloves currently unavailable)
Will     +....     NoTele   +   (boots currently unavailable)
Stlth    +++.......             y - amulet of faith
HPRegen  0.50/turn              D - +6 ring of dexterity
MPRegen  0.12/turn              B - ring of Ihiagonuak {*Contam rPois rC+ Slay+4}

@: tree-form, heroism, regenerating quickly
A: see invisible
a: Exsanguinate, Renounce Religion, Heroism, Finesse


You were on level 1 of the Lair of Beasts.
You worshipped Okawaru.
Okawaru was extremely pleased with you.
You were a tree.
You visited 3 branches of the dungeon, and saw 12 of its levels.

You collected 759 gold pieces.

Inventory:

Hand Weapons
 o - a +0 hunting sling
 r - a +2 falchion (weapon)
Missiles
 k - 5 silver boomerangs
 p - 310 stones (quivered)
 w - 143 sling bullets
Armour
 c - a +0 kite shield
 h - a +0 buckler (worn)
 l - a +0 helmet (melded)
 t - a +3 scale mail of cold resistance (melded)
 v - a +0 pair of boots (melded)
 E - a +0 cloak (melded)
Jewellery
 y - an amulet of faith (around neck)
 B - the ring of Ihiagonuak (right branch) {*Contam rPois rC+ Slay+4}
   (You acquired it on level 6 of the Dungeon)

   [ring of slaying]

   It affects your accuracy and damage with ranged weapons and melee attacks
   (+4).
   It protects you from cold.
   It protects you from poison.
   It causes magical contamination when unequipped.
 D - a +6 ring of dexterity (left branch)
Wands
 s - a wand of iceblast (28)
 C - a wand of flame (10)
 K - a wand of polymorph (9)
Scrolls
 b - a scroll of blinking
 f - 7 scrolls of teleportation
 i - 3 scrolls of enchant weapon
 j - 2 scrolls of identify
 n - a scroll of fog
 F - 2 scrolls of remove curse
 G - a scroll of enchant armour
 H - a scroll of magic mapping
Potions
 d - 2 potions of might
 e - a potion of curing
 g - 3 potions of haste
 u - a potion of magic
 x - a potion of brilliance
 A - a potion of resistance
 I - 2 potions of flight
 L - a potion of invisibility


   Skills:
 + Level 6.3(11.3) Fighting
 - Level 14.0(19.0) Long Blades
 + Level 5.7(10.7) Armour
 + Level 7.0(12.0) Shields


You had 10 spell levels left.
You didn't know any spells.
Your spell library was empty.

Dungeon Overview and Level Annotations

Branches:
Dungeon (10/15)            Temple (1/1) D:5            Lair (1/6) D:10
    Orc (0/2) D:9

Altars:
Dithmenos
Elyvilon
Gozag
Hepliaklqana
Kikubaaqudgha
Makhleb
Nemelex Xobeh
Okawaru
Qazlal
Ru
Sif Muna
Trog
Uskayaw
Vehumet
Wu Jian
Xom
Yredelemnul
Zin
The Shining One

Portals:
Gauntlet: Lair:1


Innate Abilities, Weirdness & Mutations

Your natural rate of healing is unusually fast.
((You have razor-sharp teeth.))
You have supernaturally acute eyesight. (SInv)
((You can survive without breathing.))


Message History

The six-headed hydra misses you.
Really quaff the potion of lignification?
You turn into a tree.
Your +0 cloak melds into your body.
Your +0 helmet melds into your body.
Your +0 pair of boots melds into your body.
Your +3 scale mail of cold resistance melds into your body.
You feel less resistant to cold.
Your roots penetrate the ground.
The six-headed hydra bites you but does no damage. x2
The six-headed hydra bites you.
* * * LOW HITPOINT WARNING * * *
The six-headed hydra bites you!
* * * LOW HITPOINT WARNING * * *
The six-headed hydra bites you but does no damage.
The six-headed hydra completely misses you.
You chop one of the six-headed hydra's heads off!
The five-headed hydra grows two more!
You slash the seven-headed hydra!
The seven-headed hydra is lightly wounded.
The seven-headed hydra barely misses you.
The seven-headed hydra bites you!
You die...

...(##.###....Y.......,,,,,**,,*,
.#..........##.##.###**,,,,,,,,,,
.........#..#...######*,,,,*,,,,,
.#.......#..##.......##,,,,*,,,,,
.......#..........#)..#,,,,*,,,,,
........#...##.....#.##,,,,,,,,,,
.#..............#...###..,,,*****
.#.......)#....#D........,,,,,,,,
.######....#....♣........,,,,,,,,
.....[.......#..##........,,,,,,,
........##...#..#...........,,,,,
.....................$........,,,
...........................#.#**.
P.#####..#..........##.#..#..###.
#.......#...#....#..####..#......
#.................#..#*...##.....
#.......#.....####.'####..##.....


You could see a seven-headed hydra.

Vanquished Creatures
  Harold (D:8)
  Erolcha (D:9)
  2 two-headed ogres (D:9)
  Pikel (D:7)
  A cyclops (D:10)
  Joseph (D:8)
  2 trolls
  Grinder (D:4)
  Sigmund (D:2)
  2 wyverns (D:8)
  8 yaks
  Grum (D:8)
  Menkaure (D:4)
  A water moccasin (Lair:1)
  A black bear (D:9)
  A swamp drake (D:9)
  2 sky beasts
  Purgy (D:3)
  A hornet zombie (D:9)
  6 orc warriors
  3 ice beasts
  2 ogres
  A necrophage (D:9)
  4 wolves
  3 centaurs
  2 phantoms
  A big kobold (D:7)
  4 bullfrogs
  A water moccasin skeleton (D:6)
  4 killer bees (D:7)
  6 wights
  2 howler monkeys
  A bullfrog zombie (D:6)
  A quasit (D:9)
  2 jellies (D:10)
  8 orc priests
  5 hounds
  A bullfrog skeleton (D:8)
  4 iguanas
  17 orc wizards
  5 worker ants
  2 hound skeletons
  A howler monkey zombie (D:8)
  Robin (D:3)
  4 gnolls (D:4)
  6 adders
  5 shadow imps
  2 white imps
  2 ufetubi
  3 adder skeletons
  7 worms
  3 dart slugs
  6 leopard geckos
  45 orcs
  8 giant cockroaches
  15 goblins
  15 hobgoblins
  10 jackals
  2 quokkas
  3 ball pythons
  8 bats
  5 frilled lizards
  6 kobolds
  A quokka skeleton (D:9)
  A rat (D:1)
274 creatures vanquished.

Vanquished Creatures (others)
  A plant (D:8)
1 creature vanquished.

Grand Total: 275 creatures vanquished

Notes
Turn   | Place    | Note
-------+----------+-------------------------------------------
     0 | D:1      | siradein the Vampire Fighter began the quest for the Orb.
     0 | D:1      | Reached XP level 1. HP: 17/17 MP: 1/1
    98 | D:1      | Reached XP level 2. HP: 23/23 MP: 2/2
   176 | D:1      | Reached skill level 3 in Long Blades
   559 | D:1      | Reached XP level 3. HP: 28/28 MP: 3/3
   895 | D:2      | Noticed Sigmund
  1010 | D:2      | Found a white marble altar of Elyvilon.
  1210 | D:3      | Found a shadowy altar of Dithmenos.
  1224 | D:3      | Found a bloodstained altar of Trog.
  1299 | D:3      | Reached XP level 4. HP: 32/34 MP: 4/4
  1319 | D:3      | Noticed Purgy
  1353 | D:3      | Killed Purgy
  1354 | D:3      | Reached skill level 4 in Long Blades
  1354 | D:3      | Reached XP level 5. HP: 39/39 MP: 5/5
  1438 | D:3      | Found an ornate altar of the Wu Jian Council.
  1476 | D:3      | Noticed Robin
  1497 | D:3      | Killed Robin
  1592 | D:3      | Reached skill level 5 in Long Blades
  2376 | D:3      | Reached XP level 6. HP: 46/46 MP: 6/6
  2500 | D:3      | Found a hazy altar of Hepliaklqana.
  2674 | D:4      | Noticed Grinder
  2927 | D:4      | Reached skill level 6 in Long Blades
  3015 | D:4      | Noticed Menkaure
  3289 | D:2      | Killed Sigmund
  3290 | D:2      | Reached skill level 7 in Long Blades
  3290 | D:2      | Reached XP level 7. HP: 37/51 MP: 4/7
  3561 | D:4      | HP: 1/51 [Grinder (6)]
  3562 | D:4      | Killed Grinder
  3563 | D:4      | Reached skill level 8 in Long Blades
  4045 | D:5      | Entered Level 5 of the Dungeon
  4045 | D:5      | Found a stormy altar of Qazlal.
  4197 | D:5      | Found a staircase to the Ecumenical Temple.
  4207 | Temple   | Entered the Ecumenical Temple
  4298 | Temple   | Became a worshipper of Warmaster Okawaru
  4312 | D:5      | Reached skill level 9 in Long Blades
  4312 | D:5      | Reached XP level 8. HP: 44/57 MP: 5/8
  4451 | D:5      | Found a white marble altar of Elyvilon.
  4823 | D:6      | Found a burning altar of Makhleb.
  4911 | D:6      | Found an iron altar of Okawaru.
  4939 | D:6      | Reached skill level 10 in Long Blades
  5187 | D:6      | Reached * piety under Okawaru
  5856 | D:6      | Identified a scroll of acquirement
  5856 | D:6      | Acquired the ring of Ihiagonuak {*Contam rPois rC+ Slay+4}
  6000 | D:7      | Noticed Pikel
  6010 | D:7      | Killed Pikel
  6010 | D:7      | Reached ** piety under Okawaru
  6011 | D:7      | Reached skill level 11 in Long Blades
  6011 | D:7      | Reached XP level 9. HP: 56/62 MP: 9/9
  6391 | D:7      | Reached skill level 12 in Long Blades
  7263 | D:4      | Killed Menkaure
  7263 | D:4      | Reached *** piety under Okawaru
  7325 | D:8      | Found a sparkling altar of Nemelex Xobeh.
  7475 | D:8      | Noticed Joseph
  7494 | D:8      | Killed Joseph
  7495 | D:8      | Reached skill level 13 in Long Blades
  7606 | D:8      | Noticed Grum
  7685 | D:8      | Killed Grum
  7685 | D:8      | Reached **** piety under Okawaru
  7886 | D:8      | Noticed Harold
  7910 | D:8      | Killed Harold
  7911 | D:8      | Reached skill level 14 in Long Blades
  7911 | D:8      | Reached XP level 10. HP: 14/68 MP: 8/10
  7933 | D:8      | Received a gift from Okawaru
  8111 | D:8      | Got a shimmering hand axe
  8112 | D:8      | Identified the +1 hand axe "Soad" {holy, Int+3} (You found
                  | it on level 8 of the Dungeon)
  8297 | D:9      | Noticed Erolcha
  8298 | D:9      | Noticed a two-headed ogre
  8317 | D:9      | Killed a two-headed ogre
  8321 | D:9      | Killed Erolcha
  8321 | D:9      | Reached ***** piety under Okawaru
  8322 | D:9      | Reached skill level 5 in Shields
  8671 | D:9      | Received a gift from Okawaru
  8811 | D:9      | Noticed a two-headed ogre
  8831 | D:9      | HP: 1/73 [two-headed ogre/+0 giant spiked club (6)]
  8832 | D:9      | Killed a two-headed ogre
  9057 | D:9      | Found a staircase to the Orcish Mines.
  9069 | D:9      | Reached skill level 5 in Fighting
  9471 | D:9      | Reached XP level 11. HP: 79/80 MP: 11/11
  9829 | D:10     | Entered Level 10 of the Dungeon
 10045 | D:10     | Found a staircase to the Lair.
 10113 | D:9      | Reached skill level 5 in Armour
 10349 | D:10     | Found an ancient bone altar of Kikubaaqudgha.
 10890 | D:10     | Got a creamy pearl robe
 10891 | D:10     | Identified the cursed +1 robe "Adauliytu" {Harm *Corrode
                  | rN+ Dex+4} (You found it on level 10 of the Dungeon)
 11382 | Lair:1   | Entered Level 1 of the Lair of Beasts
 11519 | Lair:1   | Found a gate leading to a gauntlet.
 11589 | Lair:1   | Noticed a five-headed hydra
 11629 | Lair:1   | HP: 3/123 [six-headed hydra (8)]
 11630 | Lair:1   | Slain by a seven-headed hydra

Illustrated notes

Levels and vault maps discovered:
D:1:      giann_wishing_wells, layout_basic, ebering_dispersal_statue_hall,
          st_stairs_13, solitary_fountain
D:2:      layout_rooms, fedhas_altar_2, elyvilon_altar_3, uniq_sigmund
D:3:      layout_basic, overflow_temple_1_default, lemuel_doored_altar,
          amethyst_overflow_temple_binary, kennysheep_doodads, uniq_purgy,
          uniq_robin
D:4:      layout_basic, kennysheep_dice, uniq_menkaure, uniq_grinder
D:5:      layout_rooms, overflow_temple_1_default, minmay_temple_entry_junction,
          lemuel_tele_altar
D:6:      layout_cave_pools, makhleb_heckhound_becter,
          cheibrodos_sewer_entry_bend, dk_vineyard_2, okawaru_trees_1
D:7:      layout_loops_corners, uniq_pikel
D:8:      layout_loops_ring, nemelex_xobeh_ov_fountains_minmay,
          serial_bayou_pond_e, due_unseen_surprise, uniq_harold, uniq_grum,
          uniq_joseph
D:9:      layout_loops_ring, erik_orc_1, uniq_erolcha
D:10:     layout_gridville, erik_lair_island, basic_altar
Temple:   dshaligram_water_room_temple
Lair:1:   layout_regular_city, gauntlet_entry_generic, minivault_26

Skill      XL: |  1  2  3  4  5  6  7  8  9 10 11 |
---------------+----------------------------------+-----
Long Blades    | 3 4 5 7 9 11 14 | 14.0
Shields        | 3 4 5 7 |  7.0
Fighting       | 5 6 |  6.3
Armour         | 4 5 |  5.7

Action                   |  1- 3 |  4- 6 |  7- 9 | 10-12 || total
-------------------------+-------+-------+-------+-------++-------
Melee: Long sword        |   116 |    78 |       |       ||   194
       Bite              |     6 |    31 |    68 |    77 ||   182
       Falchion          |       |   160 |   494 |   394 ||  1048
 Fire: Hunting sling     |       |       |     3 |       ||     3
Invok: Heroism           |       |       |     1 |     3 ||     4
  Use: Potion            |       |     1 |     3 |     9 ||    13
       Scroll            |       |       |    10 |    10 ||    20
 Stab: Invisible         |       |       |       |     4 ||     4
Armor: Scale mail        |    46 |    11 |       |    68 ||   125
       Skin              |       |    62 |       |     3 ||    65
       Chain mail        |       |    53 |   196 |       ||   249
       Plate armour      |       |       |    12 |    22 ||    34
Dodge: Dodged            |    41 |    52 |   118 |    82 ||   293
Block: Kite shield       |    12 |       |       |       ||    12
       Buckler           |    17 |    59 |    92 |    74 ||   242
       Rpst.: Long sword |    15 |     7 |       |       ||    22
       Falchion          |       |     8 |    35 |    25 ||    68

Table legend: (Time is in decaauts)
 A = Elapsed time spent in this place.
 B = Non-inter-level travel time spent in this place.
 C = Inter-level travel time spent in this place.
 D = Time resting spent in this place.
 E = Time spent auto-exploring this place.
 F = Levels seen in this place.
 G = Mean time per level.
                   A        B        C        D        E       F      G
               +--------+--------+--------+--------+--------+-----+--------+
         Total |  11428 |  11062 |    366 |    489 |   7139 |  12 |  952.3 |
       Dungeon |  11107 |  10741 |    366 |    489 |   7063 |  10 | 1110.7 |
        Temple |     96 |     96 |      0 |      0 |     76 |   1 |   96.0 |
          Lair |    225 |    225 |      0 |      0 |      0 |   1 |  225.0 |
               +--------+--------+--------+--------+--------+-----+--------+

Top non-repeatable levels by time:
     D:3: 1971 daAuts
     D:9: 1548 daAuts
    D:10: 1441 daAuts
     D:7: 1320 daAuts
     D:6: 1110 daAuts
     D:4: 923 daAuts
     D:8: 914 daAuts
     D:1: 789 daAuts
     D:5: 658 daAuts
     D:2: 429 daAuts
  Lair:1: 225 daAuts
  Temple: 96 daAuts
